 Dungeon Crawl Stone Soup version 0.28.0-45-g0d030f2227 (webtiles) character file.

Game seed: 9830625122249329697

1692 pkoi the Digger (level 8, -7/63 HPs)
             Began as a Demigod Earth Elementalist on Apr 15, 2022.
             Mangled by an orc warrior
             ... wielding a +0 war axe
              (8 damage)
             ... in a bailey.
             The game lasted 00:08:02 (8338 turns).

pkoi the Digger (Demigod Earth Elementalist)        Turns: 8338, Time: 00:08:02

Health: -7/63      AC:  6    Str:  9    XL:     8   Next: 44%
Magic:  17/24      EV: 12    Int: 31    God:
Gold:   451        SH:  0    Dex: 14    Spells: 6/13 levels left

rFire   . . .      SeeInvis .   k - +3 trident (vorpal)
rCold   . . .      Faith    .   (no shield)
rNeg    . . .      Spirit   .   b - +0 robe
rPois   .          Reflect  .   j - +0 helmet
rElec   .          Harm     .   (no cloak)
rCorr   .          Rampage  .   h - +1 pair of gloves
Will    .....                   p - +0 pair of boots
Stlth   +++.......              (no amulet)
HPRegen 0.20/turn               o - ring of magical power
MPRegen 0.19/turn               t - +6 ring of intelligence

@: no status effects
A: high MP 1, forlorn, divine attributes
a: no special abilities


You were in a bailey.
You visited 2 branches of the dungeon, and saw 8 of its levels.
You also visited: Bailey.

You collected 451 gold pieces.

Inventory:

Hand Weapons
 f - a +0 dagger
 k - a +3 vorpal trident (weapon)
 w - a +2 dagger of holy wrath
Missiles
 c - 91 stones
Armour
 b - a +0 robe (worn)
 h - a +1 pair of gloves (worn)
 j - a +0 helmet (worn)
 p - a +0 pair of boots (worn)
Magical Staves
 u - a staff of cold
Jewellery
 m - a ring of fire
 o - a ring of magical power (left hand)
 t - a +6 ring of intelligence (right hand)
Wands
 n - a wand of flame (27)
 r - a wand of iceblast (10)
Scrolls
 a - 3 scrolls of identify
 g - a scroll of magic mapping
 i - a scroll of enchant weapon
 l - 2 scrolls of amnesia
 q - a scroll of silence {unknown}
 v - a scroll of teleportation
Potions
 d - a potion of flight {unknown}
 e - a potion of attraction
 s - a potion of degeneration {unknown}


   Skills:
 + Level 3.4 Fighting
 + Level 3.4 Short Blades
 - Level 1.7 Dodging
 + Level 4.3 Stealth
 - Level 3.0 Spellcasting
 + Level 4.3 Transmutations
 + Level 6.5 Earth Magic


You had 6 spell levels left.
You knew the following spells:

 Your Spells              Type           Power      Damage    Failure   Level
a - Sandblast             Erth           90%        2d19      1%          1
b - Passwall              Tmut/Erth      31%        N/A       1%          2
c - Petrify               Tmut/Erth      38%        N/A       7%          4

Your spell library contained the following spells:

 Spells                   Type           Power      Damage    Failure   Level
 Wereblood                Tmut           31%        N/A       1%          2
 Stone Arrow              Conj/Erth      50%        3d10      5%          3
 Sublimation of Blood     Necr           4%         N/A       10%         2
 Summon Hydra             Summ           2%         N/A       100%        7


Dungeon Overview and Level Annotations

Branches:
Dungeon (7/15)             Temple (1/1) D:6          Bailey (1/1)

Shops:
D:1 =


Innate Abilities, Weirdness & Mutations

You have an increased reservoir of magic. (+10% MP)
You shall have no god before yourself.
Your divine heritage dramatically boosts your attributes as you level up.


Message History

The gnoll is severely wounded.
The gnoll hits you but does no damage. The gnoll hits you with a +0 hand axe.
* * * LOW HITPOINT WARNING * * *
Aiming: Sandblast (safe; 1% risk of failure)
Press: ? - help, Q - select action, (/) - cycle Shift-Dir - straight line, f/p - gnoll
Aim: a gnoll, wielding a +0 hand axe and wearing a +0 leather armour (severely wounded, 85% to hit)
The blast of sand hits the gnoll!
You kill the gnoll!
The gnoll hits you with a +0 hand axe.
* * * LOW HITPOINT WARNING * * *
Aiming: Sandblast (safe; 1% risk of failure)
Press: ? - help, Q - select action, (/) - cycle Shift-Dir - straight line, f - gnoll
Aim: a gnoll, wielding a +0 hand axe and wearing a +0 leather armour (severely wounded, 85% to hit)
The blast of sand hits the gnoll!!
You kill the gnoll!
The orc warrior hits you with a +0 war axe!
* * * LOW HITPOINT WARNING * * *
Aiming: Sandblast (safe; 1% risk of failure)
Press: ? - help, Q - select action, (/) - cycle Shift-Dir - straight line, f - orc warrior
Aim: an orc warrior, wielding a +0 war axe and wearing a +0 plate armour (83% to hit)
The blast of sand hits the orc warrior!
The orc warrior is heavily wounded.
The orc warrior hits you with a +0 war axe.
* * * LOW HITPOINT WARNING * * *
Aiming: Sandblast (safe; 1% risk of failure)
Press: ? - help, Q - select action, (/) - cycle Shift-Dir - straight line, f/p - orc warrior
Aim: an orc warrior, wielding a +0 war axe and wearing a +0 plate armour (heavily wounded, 83% to hit)
The blast of sand hits the orc warrior but does no damage.
The orc warrior is heavily wounded.
The orc warrior hits you with a +0 war axe!!
* * * LOW HITPOINT WARNING * * *
Okay, then.
Unknown command.
Aiming: Iceblast
Press: ? - help, Shift-Dir - straight line, p - orc warrior The mass of ice explodes!
The iceblast engulfs the orc warrior.
The orc warrior is severely wounded.
You hear a shout! x3
The orc warrior hits you with a +0 war axe!
You die...

##.....##......)..##.
#.......).........'.)
##.......##.......##).
#.........#.......#...
##.........##.....##...
#.....⌠.....#######....
#.........## ##...
#.........# #...
##...@...## ##..
#...o...# #.. ##.))..##
##)#### #)))..#
#.......# #.......#
.........# #.........#


You could see an orc warrior.

Vanquished Creatures
  A water moccasin (D:6)
  2 ice beasts
  5 orc warriors (Bailey)
  2 necrophages
  An ogre (D:4)
  A phantom (D:4)
  Blork the orc (D:4)
  A scorpion (D:6)
  A howler monkey (D:6)
  3 hounds
  2 centaur skeletons
  2 iguanas
  An orc wizard (D:7)
  A hound skeleton (D:4)
  Robin (D:2)
  5 gnolls
  A howler monkey skeleton (D:5)
  2 adders
  A white imp (D:5)
  An adder skeleton (D:4)
  3 worms
  A dart slug (D:4)
  10 orcs
  2 bats
  4 endoplasms
  A giant cockroach (D:3)
  23 goblins
  17 hobgoblins
  3 jackals (D:1)
  2 quokkas (D:3)
  2 ball pythons
  3 frilled lizards
  4 kobolds
  A quokka skeleton (D:4)
  5 rats
116 creatures vanquished.

Notes
Turn   | Place    | Note
-------+----------+-------------------------------------------
     0 | D:1      | pkoi the Demigod Earth Elementalist began the quest for the
                  | Orb.
     0 | D:1      | Reached XP level 1. HP: 14/14 MP: 5/5
    48 | D:1      | Found Duyz's Jewellery Boutique.
    70 | D:1      | Reached skill level 3 in Earth Magic
   515 | D:1      | Reached XP level 2. HP: 20/20 MP: 2/7
   698 | D:1      | Learned a level 2 spell: Passwall
  1348 | D:2      | Reached skill level 1 in Transmutations
  1711 | D:2      | Reached XP level 3. HP: 25/26 MP: 6/8
  2008 | D:2      | Noticed Robin
  2013 | D:2      | Reached skill level 4 in Earth Magic
  2027 | D:2      | Killed Robin
  2916 | D:3      | Reached XP level 4. HP: 33/33 MP: 7/9
  3728 | D:4      | Noticed a phantom
  3737 | D:4      | Killed a phantom
  3738 | D:4      | Reached XP level 5. HP: 29/39 MP: 7/10
  3823 | D:4      | Reached skill level 5 in Earth Magic
  3931 | D:4      | Noticed Blork the orc
  3936 | D:4      | Killed Blork the orc
  3937 | D:4      | Reached skill level 1 in Fighting
  3937 | D:4      | Reached skill level 1 in Short Blades
  3937 | D:4      | Reached XP level 6. HP: 47/47 MP: 7/12
  4995 | D:5      | Entered Level 5 of the Dungeon
  6448 | D:6      | Found a staircase to the Ecumenical Temple.
  6456 | Temple   | Entered the Ecumenical Temple
  6716 | D:6      | Noticed a water moccasin
  6762 | D:6      | Killed a water moccasin
  6763 | D:6      | Reached XP level 7. HP: 51/53 MP: 8/14
  6807 | D:6      | Learned a level 4 spell: Petrify
  7066 | D:6      | Reached skill level 6 in Earth Magic
  7787 | D:7      | Found a flagged portal.
  7803 | Bailey   | Entered a bailey
  7889 | Bailey   | Reached XP level 8. HP: 62/62 MP: 15/15
  8336 | Bailey   | HP: 1/63 [orc warrior/+0 war axe (18)]
  8338 | Bailey   | Mangled by an orc warrior

Illustrated notes

Levels and vault maps discovered:
D:1:      minmay_arrival_open_corners, layout_loops_ring, serial_shops, shop,
          dreamdust_ecumenical_altar_angels_and_demons, nicolae_grassy_gnolls
D:2:      layout_loops_ring, ebering_dispersal_statue_hall, uniq_robin
D:3:      layout_basic, nicolae_dithmenos_through_a_glass_darkly
D:4:      layout_basic, amcnicky_altar_gilded, uniq_blork_the_orc
D:5:      layout_loops_corners, serial_bayou_pond_a
D:6:      layout_loops_ring, nzn_wu_jian_council_hall,
          minmay_temple_entry_statues_fountains
D:7:      layout_cave_pools, zin_scriptorium, enter_bailey_5
Temple:   nicolae_temple_figure_eight
Bailey:   bailey_axe_minmay_hex_keep, bailey

Skill      XL: |  1  2  3  4  5  6  7  8 |
---------------+-------------------------+-----
Earth Magic    | 3 4 5 6 |  6.5
Transmutations | 1 2 3 4 |  4.3
Stealth        | 2 3 4 |  4.3
Spellcasting   | 2 3 |  3.0
Fighting       | 1 2 3 |  3.4
Short Blades   | 1 2 3 |  3.4
Dodging        | |  1.7

Action                   |  1- 3 |  4- 6 |  7- 9 || total
-------------------------+-------+-------+-------++-------
Melee: Unarmed           |     9 |       |       ||     9
       Dagger            |    60 |       |     1 ||    61
       Trident           |       |    94 |    35 ||   129
       Punch             |       |       |     2 ||     2
 Cast: Sandblast         |    41 |    23 |    55 ||   119
Evoke: Wand              |       |       |     1 ||     1
  Use: Scroll            |       |     8 |     1 ||     9
 Stab: Sleeping          |     2 |     9 |     2 ||    13
       Distracted        |       |       |     1 ||     1
Armor: Robe              |    13 |    21 |    13 ||    47
Dodge: Dodged            |    48 |    50 |    30 ||   128
